 Dungeon Crawl Stone Soup version 0.29-a0-234-g0dae59b3db (webtiles) character file.

Game seed: 15260791065321640316

355 Aksej the Cudgeller (level 6, -10/48 (49) HPs)
             Began as a Demonspawn Monk on Mar 3, 2022.
             Was an Initiate of Jiyva.
             Mangled by Duvessa
             ... wielding a +0 short sword
              (12 damage)
             ... on level 4 of the Dungeon.
             The game lasted 00:10:23 (3991 turns).

Aksej the Cudgeller (Demonspawn Monk)               Turns: 3991, Time: 00:10:24

HP:   -10/48 (49)   AC:  5    Str: 11    XL:     6   Next: 36%
MP:   6/6           EV: 13    Int: 14    God:    Jiyva [......]
Gold: 199           SH:  0    Dex: 18    Spells: 5/5 levels left

rFire   . . .      SeeInvis .   a - +0 mace (flame)
rCold   . . .      Faith    +   (no shield)
rNeg    + . .      Spirit   .   b - +1 robe
rPois   .          Reflect  .   (helmet restricted)
rElec   +          Harm     .   (no cloak)
rCorr   .          Rampage  .   (no gloves)
Will    .....                   f - +1 pair of boots
Stlth   ++........              l - amulet "Xaukaop" {Faith rElec rN+ Int+3 Slay+2}
HPRegen 0.16/turn               (no ring)
MPRegen 0.10/turn               (no ring)

@: lightly drained
A: claws 1, hooves 1, horns 1, demonic magic 1
a: Renounce Religion


You were on level 4 of the Dungeon.
You worshipped Jiyva.
Jiyva was noncommittal.
You visited 1 branch of the dungeon, and saw 4 of its levels.
You also visited: Sewer.

You collected 199 gold pieces.

Inventory:

Hand Weapons
 a - a +0 mace of flaming (weapon)
Armour
 b - a +1 robe (worn)
 f - a +1 pair of boots (worn)
Jewellery
 l - the amulet "Xaukaop" (around neck) {Faith rElec rN+ Int+3 Slay+2}
   (You found it on level 4 of the Dungeon)

   [amulet of faith]

   It allows you to gain divine favour quickly.
   Int:       It affects your intelligence (+3).
   Slay:      It affects your accuracy & damage with ranged weapons and melee
   (+2).
   rElec:     It insulates you from electricity.
   rN:        It protects you from negative energy.
Wands
 j - a wand of acid (8)
Scrolls
 h - a scroll of enchant weapon {unknown}
 i - a scroll of blinking {unknown}
Potions
 c - 2 potions of curing
 d - 2 potions of cancellation
 e - a potion of ambrosia
 g - 4 potions of heal wounds
 k - a potion of magic


   Skills:
 * Level 4.6 Fighting
 + Level 4.9 Maces & Flails
 + Level 3.5 Dodging
 + Level 2.4 Stealth
 + Level 0.1 Evocations


You had 5 spell levels left.
You didn't know any spells.
Your spell library contained the following spells:

 Spells                   Type           Power      Damage    Failure   Level
 Freeze                   Ice            0%         1d3       28%         1
 Conjure Flame            Conj/Fire      0%         6-21      65%         3
 Frozen Ramparts          Ice            0%         1d2       65%         3
 Ignite Poison            Fire/Tmut/Pois 0%         N/A       65%         3
 Hailstorm                Conj/Ice       0%         3d3       96%         4
 Sticky Flame             Conj/Fire      0%         2d3       96%         4


Dungeon Overview and Level Annotations

Branches:
Dungeon (4/15)              Sewer (visited)
 Temple: D:4-7

Altars:
Yredelemnul

Annotations:
D:4 Duvessa


Innate Abilities, Weirdness & Mutations

You have sharp fingernails.
You have large cloven feet.
You have a pair of small horns on your head.
Spells you cast may paralyse adjacent enemies.


Message History

Moving in this stuff is going to be slow.
You enter the shallow water.
Moving in this stuff is going to be slow.
You enter the shallow water.
Moving in this stuff is going to be slow.
You hear a distant slurping noise.
Jiyva gurgles merrily.
You swap places.
You swap places.
You hear a distant slurping noise.
You hear a distant slurping noise.
You hear a distant scream of rage.
You hear a distant slurping noise.
You hear a distant slurping noise.
You swap places.
You hear a distant slurping noise.
You hear a distant slurping noise.
You hear a distant slurping noise.
You hear a distant slurping noise.
Duvessa goes berserk!
Duvessa closely misses you. Duvessa hits you with a +0 short sword!
You hear a distant slurping noise.
Duvessa misses you. Duvessa hits you with a +0 short sword!
Duvessa rages.
Duvessa hits you with a +0 short sword!
* * * LOW HITPOINT WARNING * * *
Duvessa barely misses you.
You hit Duvessa but do no damage. Duvessa hits you with a +0 short sword!
* * * LOW HITPOINT WARNING * * *
Duvessa misses you.
You hit Duvessa but do no damage. Duvessa barely misses you.
The jelly hits Duvessa but does no damage.
You hit Duvessa. You burn Duvessa.
Duvessa is lightly wounded.
Duvessa closely misses you.
The jelly hits Duvessa but does no damage.
Duvessa hits you with a +0 short sword!
You die...

###.##########<#.......##....##..
#..............#.....####....####
##############...J..............#
..#.......>.................#
#.#.######....##.####....####
##.##.#.#.e.##....##.# #....# #
#.......#.#.##..J.##.# #....# #
#####.###.#e##..e.##.# #....# #
#. #.#.##..@.##.# #...†# #.
#.#.###...##.# #....# #.###.#§#
#......# #....#### #.......#
#.###### #........ ####....# #.#
#.....†.. #....###.#####
#####.... #..e.#.......# ###....
#............# #......
##...##.......# #...J..


You could see Duvessa (berserk) and 2 neutral jellies(fellow slime).

Vanquished Creatures
  A water moccasin (D:4)
  A black bear (D:4)
  An orc priest (D:4)
  A jelly (Sewer)
  2 river rats (Sewer)
  5 adders
  A worm (D:3)
  3 dart slugs (D:2)
  8 orcs
  10 endoplasms
  6 giant cockroaches
  5 goblins
  6 hobgoblins
  5 jackals
  4 kobolds
  4 quokkas
  7 ball pythons
  4 bats
  4 frilled lizards
  5 rats
83 creatures vanquished.

Vanquished Creatures (collateral kills)
  An endoplasm (Sewer)
  A giant cockroach (Sewer)
  A kobold (D:4)
3 creatures vanquished.

Vanquished Creatures (others)
  Dowan (D:4)
  2 jellies (D:4)
  An orc wizard (D:4)
  2 adders (D:4)
  A dart slug (D:4)
  5 orcs (D:4)
  A hobgoblin (D:4)
  A ball python (Sewer)
  A giant cockroach zombie (Sewer)
  A kobold (D:4)
16 creatures vanquished.

Grand Total: 102 creatures vanquished

Notes
Turn   | Place    | Note
-------+----------+-------------------------------------------
     0 | D:1      | Aksej the Demonspawn Monk began the quest for the Orb.
     0 | D:1      | Reached XP level 1. HP: 18/18 MP: 1/1
   512 | D:1      | Discovered your monstrous ancestry.
   512 | D:1      | Gained mutation: You have a pair of small horns on your
                  | head. [demonic ancestry]
   512 | D:1      | Reached XP level 2. HP: 18/24 MP: 2/2
  1070 | D:2      | Reached XP level 3. HP: 29/29 MP: 3/3
  2038 | D:3      | Gained mutation: You have large cloven feet. [demonic
                  | ancestry]
  2038 | D:3      | Reached XP level 4. HP: 29/37 MP: 4/4
  2512 | D:3      | Found a faded altar of an unknown god.
  2519 | D:3      | Noticed a golden eye
  2521 | D:3      | Noticed a great orb of eyes
  2521 | D:3      | Noticed a great orb of eyes
  2521 | D:3      | Noticed a great orb of eyes
  2542 | D:3      | Prayed at the altar of an unknown god.
  2542 | D:3      | Became a worshipper of Yredelemnul the Dark
  2542 | D:3      | Reached * piety under Yredelemnul
  2542 | D:3      | Reached ** piety under Yredelemnul
  2975 | D:4      | Found a glowing drain.
  2979 | Sewer    | Entered a sewer
  3143 | Sewer    | Gained mutation: Spells you cast may paralyse adjacent
                  | enemies. [demonic ancestry]
  3143 | Sewer    | Reached XP level 5. HP: 36/42 MP: 5/5
  3284 | Sewer    | Found a viscous altar of Jiyva.
  3297 | Sewer    | Fell from the grace of Yredelemnul
  3297 | Sewer    | Became a worshipper of Jiyva Jaymm the Shapeless
  3398 | D:4      | Noticed a black bear
  3403 | D:4      | Killed a black bear
  3414 | D:4      | Noticed a water moccasin
  3424 | D:4      | Killed a water moccasin
  3425 | D:4      | Gained mutation: You have sharp fingernails. [demonic
                  | ancestry]
  3425 | D:4      | Reached XP level 6. HP: 49/49 MP: 6/6
  3428 | D:4      | Identified the amulet "Xaukaop" {Faith rElec rN+ Int+3
                  | Slay+2}
  3720 | D:4      | Noticed Duvessa
  3721 | D:4      | Noticed Dowan
  3891 | D:4      | Killed Dowan
  3989 | D:4      | HP: 2/48 [Duvessa/+0 short sword (13)]
  3991 | D:4      | Mangled by Duvessa

Illustrated notes

Levels and vault maps discovered:
D:1:      grunt_arrival_crossed_arrows, layout_basic
D:2:      layout_loops_ring
D:3:      layout_basic, hellmonk_ecumenical_altar_watching_god
D:4:      layout_basic, gup_sewer_entry_spiral, uniq_duvessa

Skill      XL: |  1  2  3  4 |
---------------+-------------+-----
Maces & Flails | 3 4 |  4.9
Dodging        | 3 |  3.5
Fighting       | 4 |  4.6
Stealth        | 2 |  2.4
Evocations     | |  0.1

Action                   |  1- 3 |  4- 6 || total
-------------------------+-------+-------++-------
Melee: Mace              |   111 |   131 ||   242
       Headbutt          |    13 |    15 ||    28
       Punch             |       |     2 ||     2
Invok: Recall Undead Har |       |     1 ||     1
Evoke: Wand              |       |     2 ||     2
  Use: Scroll            |     7 |     2 ||     9
       Potion            |     2 |     1 ||     3
 Stab: Sleeping          |     1 |     5 ||     6
Armor: Robe              |    26 |    31 ||    57
Dodge: Dodged            |    86 |   107 ||   193

Table legend: (Time is in decaauts)
 A = Elapsed time spent in this place.
 B = Non-inter-level travel time spent in this place.
 C = Inter-level travel time spent in this place.
 D = Time resting spent in this place.
 E = Time spent auto-exploring this place.
 F = Levels seen in this place.
 G = Mean time per level.
                   A        B        C        D        E       F      G
               +--------+--------+--------+--------+--------+-----+--------+
         Total |   4110 |   4021 |     89 |      0 |   3283 |   5 |  822.0 |
       Dungeon |   3717 |   3628 |     89 |      0 |   3007 |   4 |  929.2 |
         Sewer |    393 |    393 |      0 |      0 |    275 |   1 |  393.0 |
               +--------+--------+--------+--------+--------+-----+--------+

Top non-repeatable levels by time:
     D:1: 1063 daAuts
     D:2: 911 daAuts
     D:4: 880 daAuts
     D:3: 862 daAuts
   Sewer: 393 daAuts
